 Dungeon Crawl Stone Soup version 0.29-a0-994-gc5c9f59d18 (webtiles) character file.

Game seed: 7463236322860898724

3145 Asher535 the Cleaver (level 9, -21/81 HPs)
             Began as a Minotaur Berserker on Aug 3, 2022.
             Was a Priest of Trog.
             Demolished by a boulder beetle (23 damage)
             ... on level 8 of the Dungeon.
             The game lasted 00:19:52 (7053 turns).

Asher535 the Cleaver (Minotaur Berserker)           Turns: 7053, Time: 00:19:53

Health: -21/81     AC: 16    Str: 26    XL:     9   Next: 62%
Magic:  8/8        EV:  9    Int:  4    God:    Trog [***...]
Gold:   442        SH:  0    Dex: 10    Spells: 8/8 levels left

rFire   + . .      SeeInvis .   a - +0 hand axe (flame)
rCold   . . .      Faith    .   (no shield)
rNeg    + . .      Spirit   .   o - +1 chain mail
rPois   .          Reflect  .   (helmet restricted)
rElec   .          Harm     .   M - +1 cloak
rCorr   .          Rampage  .   D - +1 pair of gloves
Will    ++...                   (no boots)
Stlth   ..........              (no amulet)
HPRegen 1.23/turn               p - ring of positive energy
MPRegen 0.11/turn               w - ring of protection from fire

@: strong-willed, on berserk cooldown, regenerating
A: horns 2, retaliatory headbutt
a: Renounce Religion, Berserk, Trog's Hand


You were on level 8 of the Dungeon.
You worshipped Trog.
Trog was most pleased with you.
You visited 1 branch of the dungeon, and saw 8 of its levels.
You also visited: Sewer.

You collected 442 gold pieces.

Inventory:

Hand Weapons
 a - a +0 hand axe of flaming (weapon)
 P - a -1 demon whip of venom
Missiles
 m - 19 poisoned darts (quivered)
 r - 10 atropa-tipped darts
 F - 2 curare-tipped darts
Armour
 b - a +0 animal skin
 e - a +0 leather armour
 o - a +1 chain mail (worn)
 x - a +0 scale mail
 D - a +1 pair of gloves (worn)
 M - a +1 cloak (worn)
 O - +0 steam dragon scales
Jewellery
 h - a +6 ring of intelligence
 p - a ring of positive energy (left hand)
 w - a ring of protection from fire (right hand)
 y - a ring of protection from cold
Wands
 i - a wand of polymorph (10)
 H - a wand of flame (24)
 K - a wand of iceblast (24)
 N - a wand of quicksilver (10)
Scrolls
 d - 3 scrolls of butterflies
 f - a scroll of fear {unknown}
 j - 3 scrolls of teleportation
 k - a scroll of brand weapon
 s - 2 scrolls of blinking {unknown}
 t - 2 scrolls of enchant weapon {unknown}
 u - 2 scrolls of enchant armour
 C - a scroll of immolation {unknown}
 E - 2 scrolls of noise {unknown}
 J - a scroll of silence {unknown}
 L - a scroll of amnesia {unknown}
Potions
 c - 4 potions of brilliance
 g - 4 potions of curing
 l - 2 potions of degeneration
 n - 2 potions of cancellation
 q - a potion of heal wounds
 v - a potion of lignification {unknown}
 z - 3 potions of flight
 A - a potion of attraction
 B - 2 potions of mutation
 G - a potion of magic {unknown}
 I - a potion of berserk rage {unknown}


   Skills:
 + Level 8.2 Fighting
 + Level 8.2 Axes
 + Level 5.6 Throwing
 + Level 7.7 Armour
 - Level 3.1 Dodging
 + Level 6.7 Shields


You had 8 spell levels left.
You didn't know any spells.
Your spell library was empty.

Dungeon Overview and Level Annotations

Branches:
Dungeon (8/15)             Temple (0/1) D:6           Sewer (visited)
   Lair: D:8-11

Altars:
Ashenzari
Elyvilon
Nemelex Xobeh
Ru
Xom

Shops:
D:5 :


Innate Abilities, Weirdness & Mutations

You have a pair of horns on your head.
You reflexively headbutt those who attack you in melee.


Message History

You headbutt the boulder beetle, but do no damage.
The boulder beetle is severely wounded.
The boulder beetle bites you!
* * * LOW HITPOINT WARNING * * *
You hit the boulder beetle but do no damage.
The boulder beetle is severely wounded.
The boulder beetle leaps!
Your skin crawls.
You feel strong-willed.
The boulder beetle curls into a ball and begins rolling!
You feel much better. The boulder beetle barely misses you.
You furiously retaliate!
You headbutt the boulder beetle.
The boulder beetle stops rolling and uncurls.
You slash the boulder beetle! You burn the boulder beetle.
The boulder beetle is almost dead.
The boulder beetle barely misses you. The boulder beetle bites you!!
You hit the boulder beetle but do no damage.
The boulder beetle is almost dead.
You feel yourself speed up. The boulder beetle bites you!
* * * LOW HITPOINT WARNING * * *
You hit the boulder beetle. You burn the boulder beetle.
The boulder beetle is almost dead.
The boulder beetle barely misses you.
You hit the boulder beetle but do no damage.
The boulder beetle is almost dead.
The boulder beetle leaps!
Things that are here:
a +0 spear; a +0 robe The boulder beetle curls into a ball and begins rolling!
You see here a water moccasin corpse.
The boulder beetle hits you!!
* * * LOW HITPOINT WARNING * * *
The boulder beetle stops rolling and uncurls.
There is an open door, spattered with blood here.
You hit the boulder beetle but do no damage.
The boulder beetle is almost dead.
The boulder beetle bites you!!
You die...

.############
............####
...............#
.....[......##.#
............##'##
.############8)8#
.# #8)8##### .#
#8.8#.#.# .#
+..†@B)## ##
##8##...#
#######'## ....
#..# ⌠...⌠ #).#
.⌠.B..#B.#
..⌠.z.'.##
...⌠..### ⌠...⌠.


You could see a boulder beetle.

Vanquished Creatures
  Amaemon (D:8)
  An orange demon (D:8)
  A steam dragon (D:7)
  2 water moccasins
  An orc warrior (D:7)
  2 ice beasts
  2 ogres
  3 black bears
  A centaur (D:6)
  A phantom (D:5)
  A kobold brigand (D:8)
  4 bullfrogs (D:7)
  3 scorpions
  2 wights (D:8)
  3 howler monkeys (D:7)
  4 hounds
  2 jellies (D:7)
  2 iguanas (D:6)
  2 orc wizards
  6 adders
  A shadow imp (D:8)
  2 white imps (D:7)
  An ufetubus (D:4)
  3 worms
  8 orcs
  4 ball pythons
  A bat (D:1)
  An endoplasm (D:4)
  3 giant cockroaches
  8 goblins
  7 hobgoblins
  10 jackals
  5 quokkas
  2 frilled lizards (D:3)
  5 kobolds
  7 rats
112 creatures vanquished.

Notes
Turn   | Place    | Note
-------+----------+-------------------------------------------
     0 | D:1      | Asher535 the Minotaur Berserker began the quest for the
                  | Orb.
     0 | D:1      | Reached XP level 1. HP: 19/19 MP: 0/0
   143 | D:1      | Found a faded altar of an unknown god.
   863 | D:2      | Reached XP level 2. HP: 22/27 MP: 1/1
  1240 | D:2      | Reached XP level 3. HP: 16/33 MP: 2/2
  1820 | D:3      | Reached ** piety under Trog
  2098 | D:3      | Found a sacrificial altar of Ru.
  2158 | D:3      | Reached XP level 4. HP: 26/40 MP: 3/3
  2801 | D:4      | Reached skill level 1 in Shields
  2805 | D:4      | Found a white marble altar of Elyvilon.
  2898 | D:4      | Found a sparkling altar of Nemelex Xobeh.
  2901 | D:4      | Found a broken altar of Ashenzari.
  3000 | D:4      | Reached skill level 1 in Throwing
  3000 | D:4      | Reached XP level 5. HP: 47/47 MP: 4/4
  3367 | D:5      | Entered Level 5 of the Dungeon
  3413 | D:5      | Found Caow's Book Shop.
  3472 | D:5      | Found a glowing drain.
  3483 | Sewer    | Entered a sewer
  3540 | Sewer    | Noticed a water moccasin
  3548 | Sewer    | Killed a water moccasin
  3549 | Sewer    | Reached skill level 5 in Fighting
  3549 | Sewer    | Reached skill level 5 in Axes
  3549 | Sewer    | Reached XP level 6. HP: 55/56 MP: 5/5
  3642 | D:5      | Noticed an ice beast
  3660 | D:5      | Killed an ice beast
  4083 | D:5      | Reached XP level 7. HP: 52/61 MP: 6/6
  4326 | D:5      | Reached skill level 5 in Armour
  4885 | D:6      | Found a staircase to the Ecumenical Temple.
  5099 | D:6      | Reached XP level 8. HP: 63/70 MP: 7/7
  5184 | D:6      | Reached *** piety under Trog
  5381 | D:6      | Found a shimmering altar of Xom.
  5654 | D:7      | Reached skill level 5 in Shields
  6152 | D:7      | Reached XP level 9. HP: 44/79 MP: 8/8
  6673 | D:8      | Noticed Amaemon
  6712 | D:8      | Killed Amaemon
  6713 | D:8      | Reached skill level 5 in Throwing
  6823 | D:8      | Noticed an orange demon
  6843 | D:8      | Killed an orange demon
  6998 | D:8      | Noticed a boulder beetle
  7032 | D:8      | HP: 3/81 [boulder beetle (22)]
  7052 | D:8      | HP: 1/81 [boulder beetle (28)]
  7053 | D:8      | Demolished by a boulder beetle

Illustrated notes

Levels and vault maps discovered:
D:1:      scummos_arrival_checkerplants, layout_basic,
          shapermc_ecumenical_altar_gd, dreamdust_princess_corridor, minivault_5
D:2:      layout_basic
D:3:      layout_basic, mainiacjoe_overflow_brackets
D:4:      layout_basic, mainiacjoe_overflow_surrounded_room,
          mainiacjoe_overflow_catwalk_spiral, grunt_tough_drop
D:5:      layout_gridville, serial_shops, shop, portal_sewer_entry_d, hex_large,
          fountainhead
D:6:      layout_rooms, marbit_many_paths, minmay_temple_entry_grid,
          hex_intersection, minmay_increasing_density
D:7:      layout_loops_ring
D:8:      minmay_chambers_of_sevens, layout_basic, erik_lair_orcish_takeover,
          uniq_amaemon

Skill      XL: |  1  2  3  4  5  6  7  8  9 |
---------------+----------------------------+-----
Fighting       | 4 5 6 7 8 |  8.2
Axes           | 4 5 6 7 8 |  8.2
Armour         | 3 4 5 6 7 |  7.7
Dodging        | 3 |  3.1
Shields        | 1 2 3 4 5 6 |  6.7
Throwing       | 1 2 3 4 5 |  5.6

Action                   |  1- 3 |  4- 6 |  7- 9 || total
-------------------------+-------+-------+-------++-------
Melee: Hand axe          |    79 |    86 |   212 ||   377
       Headbutt          |     6 |     9 |    40 ||    55
       Punch             |     1 |     2 |     2 ||     5
Invok: Berserk           |       |     1 |     4 ||     5
       Trog's Hand       |       |     1 |     3 ||     4
  Use: Scroll            |     4 |     7 |     5 ||    16
       Potion            |       |       |     4 ||     4
Armor: Leather armour    |     7 |       |       ||     7
       Chain mail        |    20 |    59 |   123 ||   202
Dodge: Dodged            |    59 |    51 |    86 ||   196

Table legend: (Time is in decaauts)
 A = Elapsed time spent in this place.
 B = Non-inter-level travel time spent in this place.
 C = Inter-level travel time spent in this place.
 D = Time resting spent in this place.
 E = Time spent auto-exploring this place.
 F = Levels seen in this place.
 G = Mean time per level.
                   A        B        C        D        E       F      G
               +--------+--------+--------+--------+--------+-----+--------+
         Total |   7124 |   7057 |     67 |    802 |   4277 |   9 |  791.6 |
       Dungeon |   6966 |   6899 |     67 |    802 |   4277 |   8 |  870.8 |
         Sewer |    157 |    157 |      0 |      0 |      0 |   1 |  157.0 |
               +--------+--------+--------+--------+--------+-----+--------+

Top non-repeatable levels by time:
     D:5: 1227 daAuts
     D:7: 1055 daAuts
     D:2: 964 daAuts
     D:6: 869 daAuts
     D:1: 847 daAuts
     D:4: 815 daAuts
     D:3: 751 daAuts
     D:8: 435 daAuts
   Sewer: 157 daAuts
